Map: Defender's Landing LE

Players

thermy (uThermal)

  • Race: Terran Terran
  • Spawn Location: 1:00

MaSa - Winner!

  • Race: Terran Terran
  • Spawn Location: 7:00

Event: WCS Valencia 2017

VOD

Have the link to the VOD?

Description

Time

  • Played on: July 13, 2017, 3:12 p.m.
  • Length: 10:33

All games in this series

Show
View Real Time Build Order
Export as new Build Order

thermy Terran 

Build Orders: 1/1/1, Cyclone Opening 

Get SALT Encoding   

  12  0:01  SCV  
  13  0:14  SCV  
  14  0:17  Supply Depot  
  14  0:26  SCV  
  14  0:28  Refinery  
  15  0:39  SCV  
  16  0:44  Barracks  
  16  0:51  SCV  
  16  0:55  Refinery  
  17  1:03  SCV  
  18  1:15  SCV  
  19  1:31  Orbital Command, Reaper  
  20  1:36  Factory  
  20  1:49  Supply Depot  
  20  1:57  SCV  
  21  2:03  Reaper  
  22  2:09  SCV  
  23  2:20  Cyclone  
  23  2:22  Starport  
  26  2:24  SCV  
  26  2:29  Supply Depot  
  27  2:36  SCV, Barracks Tech Lab  
  28  2:48  SCV  
  29  2:52  Cyclone  
  32  3:00  SCV  
  32  3:01  Supply Depot  
  32  3:05  Banshee  
  36  3:13  SCV  
  36  3:15  Barracks Reactor  
  37  3:25  SCV  
  37  3:32  Engineering Bay  
  37  3:37  SCV  
  38  3:51  Command Center  
  38  3:56  Banshee  
  38  4:02  Cyclone  
  43  4:04  Marine  
  43  4:09  Marine  
  39  4:22  Marine  
  37  4:26  Marine  
  38  4:34  Cyclone  
  40  4:39  Banshee  
  40  4:44  Marine  
  43  4:45  SCV  
  41  5:00  SCV, Marine  
  41  5:02  Marine  
  41  5:16  Command Center, Supply Depot  
  41  5:26  Supply Depot  
  41  5:39  Factory Reactor  
  41  5:41  Barracks  
  41  5:42  Supply Depot  
  41  5:43  Barracks  
  41  5:46  Stimpack  
  41  5:48  SCV, Viking  
  44  5:50  Marine  
  45  6:00  SCV  
  46  6:12  SCV  
  44  6:19  Starport Reactor  
  44  6:24  SCV  
  44  6:25  Marine, Factory Tech Lab  
  46  6:33  Marine x2  
  46  6:35  Marine x2  
  46  6:36  SCV  
  46  6:37  Terran Infantry Weapons Level 1  
  51  6:44  Siege Tank, Marine  
  55  6:48  SCV  
  55  6:51  Marine  
  56  6:57  SCV  
  56  7:00  SCV  
  39  7:09  SCV  
  39  7:12  Marine, SCV  
  36  7:25  SCV  
  36  7:26  Marine x2  
  32  7:30  Marine x2  
  32  7:34  Marine  
  32  7:43  Marine  
Show
View Real Time Build Order
Export as new Build Order

MaSa Terran - Winner!

Build Orders: 1/1/1, Cyclone Opening 

Get SALT Encoding   

  12  0:00  SCV  
  13  0:13  SCV  
  14  0:17  Supply Depot  
  14  0:25  SCV  
  14  0:27  Refinery  
  15  0:38  SCV  
  16  0:44  Barracks  
  16  0:50  SCV  
  16  0:55  Refinery  
  17  1:02  SCV  
  18  1:15  SCV  
  19  1:27  SCV  
  19  1:31  Marine, Factory  
  21  1:43  Orbital Command  
  21  1:49  Marine  
  22  1:58  Supply Depot  
  22  2:07  Marine  
  23  2:17  Starport  
  23  2:20  SCV  
  24  2:28  Cyclone  
  27  2:31  Marine  
  28  2:38  Supply Depot  
  28  2:40  SCV  
  29  2:48  Marine  
  30  2:52  SCV  
  31  3:00  Cyclone  
  31  3:03  Medivac  
  36  3:08  Supply Depot  
  36  3:11  Marine  
  37  3:14  SCV  
  38  3:26  SCV  
  39  3:30  Barracks Reactor  
  39  3:33  Viking  
  41  3:38  SCV  
  42  3:42  Cyclone  
  44  3:50  SCV  
  45  4:02  SCV  
  46  4:09  Supply Depot  
  46  4:29  Engineering Bay  
  46  4:31  SCV, Viking  
  49  4:34  Command Center  
  48  4:52  SCV  
  46  5:04  SCV  
  46  5:06  Marine x2, Cyclone  
  47  5:14  Starport Tech Lab  
  47  5:16  SCV  
  48  5:23  Supply Depot  
  48  5:28  SCV  
  48  5:33  Missile Turret  
  49  5:35  Raven  
  49  5:40  SCV  
  52  5:43  Factory Tech Lab  
  52  5:53  SCV  
  53  5:59  SCV  
  51  6:06  SCV  
  51  6:10  Cloaking Field  
  51  6:18  Banshee  
  51  6:20  Orbital Command  
  51  6:24  SCV  
  55  6:29  Marine  
  56  6:33  Missile Turret  
  56  6:36  Siege Tank, SCV  
  60  6:41  Marine  
  60  6:46  SCV  
  62  6:48  SCV  
  63  6:59  SCV  
  62  7:01  Marine x2  
  62  7:02  SCV  
  62  7:08  Banshee  
  68  7:11  SCV  
  66  7:17  SCV  
  63  7:24  Marine x2  
  63  7:25  SCV  
  65  7:32  SCV  
  65  7:35  Command Center  
  66  7:39  SCV  
  66  7:41  Marine x2, Barracks  
  66  7:42  Barracks x2  
  69  7:49  Siege Tank  
  69  7:50  Banshee  
  75  7:51  SCV  
  75  7:54  SCV  
  77  7:59  Marine  
  77  8:00  Engineering Bay x2  
  78  8:46  Marine x2  
  78  9:04  Marine  
Tags
 
Add a new tag
Caveats
  • Supply blocks, unpowered buildings, or Contaminate may cause inaccurate times.
  • Supply counts are checked every 10 seconds.